 Dungeon Crawl Stone Soup version 0.30-a0-1008-g30c9307041 (webtiles) character file.

Game seed: 11830815325923271414

113 BlueFish the Insei (level 4, -4/29 HPs)
             Began as an Octopode Transmuter on Apr 5, 2023.
             Frozen to death by an endoplasm (5 damage)
             ... while paralysed by Grinder
             ... on level 3 of the Dungeon.
             The game lasted 00:03:29 (1869 turns).

BlueFish the Insei (Octopode Transmuter)            Turns: 1869, Time: 00:03:30

Health: -4/29      AC:  2    Str: 11    XL:     4   Next: 96%
Magic:  5/7        EV:  5    Int: 15    God:
Gold:   120        SH:  0    Dex: 17    Spells: 1/7 levels left

rFire   + . .      SeeInvis .      - Unarmed
rCold   . . .      Faith    .    (shield currently unavailable)
rNeg    . . .      Spirit   .    (helmet currently unavailable)
rPois   x          Reflect  .    (no amulet)
rElec   .          Rampage  .    j - ring of protection from fire
rCorr   .                        (no ring)
Will    .....                    (no ring)
Stlth   ++                       (no ring)
HPRegen 0.24/turn                (no ring)
MPRegen 0.10/turn                (no ring)
                                 (no ring)
                                 (no ring)

@: paralysed, spider-form (expiring)
A: venomous fangs, almost no armour, (amphibious), 8 rings, tiny, (camouflage
1), (gelatinous body 1), (nimble swimmer 1), (tentacles)
a: End Transformation


You were on level 3 of the Dungeon.
You were a venomous arachnid creature.
You visited 1 branch of the dungeon, and saw 3 of its levels.

You collected 120 gold pieces.

Inventory:

Missiles
 g - 5 atropa-tipped darts
 h - 27 stones (quivered)
 l - 3 boomerangs
Jewellery
 j - a ring of protection from fire (left front pincers)
Scrolls
 d - 2 scrolls of vulnerability {unknown}
 e - a scroll of noise {unknown}
 f - a scroll of enchant weapon {unknown}
 m - a scroll of immolation {unknown}
 n - a scroll of butterflies {unknown}
Potions
 a - a potion of lignification
 b - 2 potions of curing {unknown}
 c - 3 potions of heal wounds {unknown}
 i - a potion of degeneration {unknown}
 k - a potion of haste {unknown}


   Skills:
 + Level 1.7 Fighting
 + Level 0.4 Throwing
 + Level 2.4 Dodging
 * Level 3.0 Stealth
 + Level 3.3 Unarmed Combat
 + Level 2.3 Spellcasting
 + Level 2.4 Transmutations
 * Level 1.6 Poison Magic


You had one spell level left.
You knew the following spells:

 Your Spells              Type           Power      Damage    Failure   Level
a - Beastly Appendage     Tmut           18%        N/A       21%         1
b - Wereblood             Tmut           9%         N/A       28%         2
c - Spider Form           Tmut/Pois      7%         N/A       50%         3

Your spell library contained the following spells:

 Spells                   Type           Power      Damage    Failure   Level
 Call Canine Familiar     Summ           1%         N/A       75%         3
 Dazzling Flash           Conj/Hex       2%         N/A       75%         3
 Portal Projectile        Hex/Tloc       2%         N/A       75%         3
 Volatile Blastmotes      Fire/Tloc      2%         2d10      75%         3
 Ice Form                 Ice/Tmut       5%         N/A       91%         4
 Iskenderun's Mystic Bla  Conj/Tloc      1%         2d3       98%         4
 Leda's Liquefaction      Hex/Erth       0%         N/A       98%         4
 Starburst                Conj/Fire      0%         6d3       100%        6


Dungeon Overview and Level Annotations

Branches:
Dungeon (3/15)

Altars:

Annotations:
D:3 Grinder


Innate Abilities, Weirdness & Mutations

You are a venomous arachnid creature.
You have venomous fangs.
You are tiny and dextrous.
Your spellcasting is less reliable in this form.
Your armour is entirely melded.
You are incapable of wielding weapons or throwing items.
You cannot wear most types of armour.
((You are amphibious.))
You can wear up to eight rings at the same time.
((Your skin changes colour to match your surroundings (Stealth+).))
((Your rubbery body absorbs attacks. (AC +1, EV +1)))
((You are camouflaged when in or above water. (Stealth+)))
((You have tentacles for arms and can constrict up to eight enemies at once.))


Message History

Nothing appears to happen.
You start resting.
Your magical contamination has completely faded away.
You start resting.
Magic restored.
Casting: Spider Form (extremely dangerous; 28% risk of failure)
Confirm with . or Enter, or press ? or * to list all spells.
The spell is extremely dangerous to miscast (28% risk of failure)!
Continue anyway?
You turn into a venomous arachnid creature.
Grinder shouts!
An endoplasm comes into view.
Grinder says, "Wait up."
Grinder blinks!
Grinder gestures at you. Pain shoots through your body!
Your transformation is almost over.
Grinder hits you.
The endoplasm quivers.
You hit Grinder.
Grinder is lightly wounded.
Grinder completely misses you.
You hit Grinder.
Grinder is lightly wounded.
Grinder closely misses you.
You hit Grinder.
Grinder is moderately wounded.
Grinder gestures at you. You resist with significant effort.
You hit Grinder.
Grinder is moderately wounded.
Grinder gestures at you.
You suddenly lose the ability to move!
Grinder hits you!
You writhe in agony.
The endoplasm freezes you.
You are frozen.
Grinder hits you!
* * * LOW HITPOINT WARNING * * *
The endoplasm freezes you.
You are frozen.
You die...

##+# #... #..#
######..#####.#
.......5.......
#..sJ.###.#
##........#
##.####### #.#
#.# #.# #.# #.#
#.#


You could see Grinder and an endoplasm.

Vanquished Creatures
  An iguana (D:3)
  2 adders (D:2)
  2 worms
  A dart slug (D:2)
  3 orcs (D:3)
  6 endoplasms
  3 hobgoblins
  5 jackals (D:2)
  5 kobolds
  4 quokkas
  5 ball pythons
  6 bats
  5 frilled lizards
  5 goblins
  4 rats
57 creatures vanquished.

Notes
Turn   | Place    | Note
-------+----------+-------------------------------------------
     0 | D:1      | BlueFish the Octopode Transmuter began the quest for the
                  | Orb.
     0 | D:1      | Reached XP level 1. HP: 13/13 MP: 3/3
   106 | D:1      | Reached XP level 2. HP: 9/18 MP: 5/5
   109 | D:1      | Reached skill level 1 in Stealth
   232 | D:1      | Learned a level 2 spell: Wereblood
   327 | D:1      | You fall into a shaft and drop 1 floor!
   410 | D:2      | Reached XP level 3. HP: 23/23 MP: 4/6
   414 | D:2      | Learned a level 3 spell: Spider Form
   732 | D:1      | Reached skill level 1 in Poison Magic
   762 | D:1      | Reached XP level 4. HP: 28/28 MP: 7/7
  1823 | D:3      | Noticed Grinder
  1867 | D:3      | Paralysed by Grinder for 4 turns
  1869 | D:3      | HP: 1/29 [Grinder (9)]
  1869 | D:3      | Frozen to death by an endoplasm

Illustrated notes

Levels and vault maps discovered:
D:1:      nicolae_arrival_memento_mori, layout_rooms, minmay_distorted
D:2:      layout_basic
D:3:      layout_loops_corners, uniq_grinder, uniq_jessica

Skill      XL: |  1  2  3  4 |
---------------+-------------+-----
Stealth        | 2 3 |  3.0
Poison Magic   | 1 |  1.6
Fighting       | |  1.7
Throwing       | |  0.4
Dodging        | |  2.4
Unarmed Combat | |  3.3
Spellcasting   | |  2.3
Transmutations | |  2.4

Action                     |  1- 3 |  4- 6 || total
---------------------------+-------+-------++-------
  Melee: Unarmed           |    80 |    48 ||   128
         Constrict         |    21 |    14 ||    35
         Tentacles         |    10 |    11 ||    21
         Punch             |     2 |       ||     2
         Kick              |    12 |     5 ||    17
   Cast: Beastly Appendage |     7 |     4 ||    11
         Spider Form       |       |     1 ||     1
         Wereblood         |       |     1 ||     1
   Stab: Sleeping          |     8 |     5 ||    13
 Armour: Skin              |    10 |     3 ||    13
  Dodge: Dodged            |    59 |    24 ||    83

Table legend: (Time is in decaauts)
 A = Elapsed time spent in this place.
 B = Non-inter-level travel time spent in this place.
 C = Inter-level travel time spent in this place.
 D = Time resting spent in this place.
 E = Time spent auto-exploring this place.
 F = Levels seen in this place.
 G = Mean time per level.
                   A        B        C        D        E       F      G
               +--------+--------+--------+--------+--------+-----+--------+
         Total |   1861 |   1829 |     32 |     29 |   1378 |   3 |  620.3 |
       Dungeon |   1861 |   1829 |     32 |     29 |   1378 |   3 |  620.3 |
               +--------+--------+--------+--------+--------+-----+--------+

Top non-repeatable levels by time:
     D:2: 772 daAuts
     D:1: 652 daAuts
     D:3: 436 daAuts
